[Event "44th Chess Olympiad Women 2022"]
[Site "Chennai"]
[Date "2022.07.29"]
[Round "1.20"]
[White "Cosma, Elena-Luminita"]
[Black "Mutisya, Jully"]
[Result "1-0"]
[ECO "E60"]
[WhiteElo "2248"]
[BlackElo "1428"]
[Annotator "TA"]
[PlyCount "65"]
[EventDate "2022.07.29"]
[EventType "team-tourn"]
[EventCountry "IND"]
[SourceTitle "playchess.com"]
[Source "ChessBase"]
[SourceQuality "1"]
[WhiteTeam "Romania"]
[BlackTeam "Kenya"]
[WhiteTeamCountry "ROU"]
[BlackTeamCountry "KEN"]
[TimeControl "40/5400+30:1800+30"]

1. d4 Nf6 2. Nf3 g6 3. g3 Bg7 4. Bg2 O-O 5. O-O d6 6. b3 c5 7. c4 Nc6 8. Bb2 Nd7 {[%emt 0:05:06] E60: King's Indian: Unusual lines and Fianchetto Variation without Nc3.} 9. Qd2 cxd4 10. Nxd4 Qb6 {[%emt 0:02:18][%cal Rc6d4] [#] White is slightly better.} 11. Nf3 $146 ({Predecessor:} 11. Nxc6 bxc6 12. Bxg7 Kxg7 13. Nc3 Bb7 14. h4 Nf6 15. e4 Rfd8 16. Rfe1 e5 17. Na4 {1-0 (45) Panesso Rivera,H (2386)-Mosquera,M (2479) Villavicencio 2021}) 11... Nc5 12. Bxg7 Kxg7 13. Nc3 a5 14. Nd5 Qd8 15. Rfd1 {[%emt 0:05:48] White is more active.} Be6 16. Nf4 Qd7 17. Rac1 Rab8 18. Ng5 Ne5 {[%emt 0:13:00] A mistake that costs the game.} (18... Bf5 $14) 19. Qxa5 $18 h6 $2 {[%emt 0:03:01] [#]} (19... Bg4 20. Qd2 f6) 20. Ngxe6+ fxe6 21. Qxc5 dxc5 22. Rxd7 Nxd7 23. Nxe6+ Kf6 24. Nxf8 Nxf8 {[%emt 0:00:16][%mdl 4096] Endgame KRB-KRN} 25. Rd1 b6 26. f4 Ne6 27. e3 h5 28. Kf2 Nf8 29. Ke2 e5 $2 {[%emt 0:01:16] [#]} (29... Kg7 30. h3 Ne6) 30. Rd6+ {[%emt 0:00:44] White is clearly winning.} Ke7 31. fxe5 b5 32. cxb5 Rxb5 33. Bd5 {[%emt 0:00:14] Weighted Error Value: White=0.11 (very precise) /Black=0.50} 1-0

[Event "44th Chess Olympiad Women 2022"]
[Site "Chennai"]
[Date "2022.07.29"]
[Round "1.20"]
[White "Madelta Glenda"]
[Black "Lehaci, Miruna-Daria"]
[Result "0-1"]
[ECO "D00"]
[WhiteElo "1516"]
[BlackElo "2193"]
[Annotator "TA"]
[PlyCount "104"]
[EventDate "2022.07.29"]
[EventType "team-tourn"]
[EventCountry "IND"]
[SourceTitle "playchess.com"]
[Source "ChessBase"]
[SourceQuality "1"]
[WhiteTeam "Kenya"]
[BlackTeam "Romania"]
[WhiteTeamCountry "KEN"]
[BlackTeamCountry "ROU"]
[TimeControl "40/5400+30:1800+30"]

1. d4 e6 2. Bf4 Nf6 3. e3 c5 4. c3 d5 5. Nd2 Bd6 6. Bg3 {[%emt 0:02:26] D00: 1 d4 d5: Unusual lines.} Qc7 7. Ngf3 Nbd7 8. Bb5 {[%emt 0:03:56] The position is equal.} O-O 9. O-O a6 10. Bd3 {[%emt 0:05:19] [#]} e5 $146 ({Predecessor:} 10... Bxg3 11. fxg3 e5 12. e4 cxd4 13. cxd4 exd4 14. Qe2 Ne5 15. exd5 Nxd3 16. Qxd3 Nxd5 17. Qxd4 {½-½ (82) Irkilmez,Y (2167)-Hagner,B (2034) Playchess.com INT 2020}) 11. dxe5 (11. Nxe5 {is more complex.} Nxe5 12. dxe5 Bxe5 13. Bxe5 Qxe5 14. h3) 11... Nxe5 12. Nxe5 Bxe5 13. Bxe5 Qxe5 14. Nf3 Qe7 15. Re1 Bg4 16. Be2 Rad8 17. Qc2 Rd6 18. Nh4 {[%emt 0:04:01] aiming for Bxg4.} Qe5 19. Nf3 Qe8 20. Rad1 (20. h3 $5 Bh5 21. b4 $11) 20... Re6 21. Ng5 Bxe2 22. Rxe2 Re5 23. Nf3 Re4 24. Ng5 Re7 25. Nf3 Re4 26. Ng5 Rh4 27. Qf5 Rh5 28. g4 Rh4 {[%emt 0:03:58] Threatens to win with ...Qa4.} 29. h3 $1 Rh6 {[%emt 0:05:48] [#]} (29... h5 $11 {keeps the balance.}) 30. Kg2 (30. e4 $1 $16) 30... Rg6 31. Nf3 $1 h6 32. Red2 Qe7 {[%emt 0:01:13] [#]} (32... b6 $11) 33. Qe5 (33. c4 $1 $16) 33... Qd7 $1 $11 {[%emt 0:00:46] Strongly threatening ...Re8.} 34. Nh4 $2 {[%emt 0:01:05] [#]} (34. Kh2 $11 {and White stays safe.}) 34... Nxg4 $1 $19 35. hxg4 Qxg4+ 36. Kf1 Qxh4 37. Rxd5 (37. Qxd5 {is a better defense.} b5 38. Rd3) 37... Rf6 38. R1d2 Qh3+ 39. Ke2 (39. Ke1 $17) 39... Qg2 (39... Qg4+ $19 {and Black stays clearly on top.} 40. Kf1 Qc4+ 41. R2d3 Qxa2) 40. Qg3 $17 Qe4 41. Rxc5 Qb1 42. a3 Rg6 (42... Rb6 $5 43. b4 Rf6 $15) 43. Qh3 Rg1 {[%emt 0:00:00] And now ...Qe1+ would win.} 44. Rc8 Rxc8 45. Qxc8+ $11 {[%emt 0:00:00][%mdl 4096] Endgame KQR-KQR} Kh7 46. Kf3 (46. Qd7 $1 $15) 46... Qg6 $36 {[%emt 0:00:00][%mdl 2048] Hoping for ...f5. Black is in control.} 47. Qd7 (47. Qh3 $17 {was worth a try.}) 47... f5 $19 48. Ke2 $2 {[%emt 0:00:00][%mdl 8192] Now White is beyond hope.} (48. Rd4 $17) 48... Qg4+ 49. Kd3 (49. f3 $19 Rg2+ 50. Kd3 Rxd2+ 51. Kxd2 Qxf3 52. Qf7) 49... Qe4+ {[%emt 0:00:00] Black mates.} 50. Ke2 Qc4+ 51. Rd3 Qg4+ 52. Kd2 Qd1# {[%emt 0:00:00] Weighted Error Value: White=0.46/Black=0.18 (very precise)} 0-1

[Event "44th Chess Olympiad Women 2022"]
[Site "Chennai"]
[Date "2022.07.29"]
[Round "1.20"]
[White "Obondo, Cynthia Awino"]
[Black "Ciolacu, Alessia-Mihaela"]
[Result "1-0"]
[ECO "A47"]
[WhiteElo "1439"]
[BlackElo "2163"]
[Annotator "TA"]
[PlyCount "147"]
[EventDate "2022.07.29"]
[EventType "team-tourn"]
[EventCountry "IND"]
[SourceTitle "playchess.com"]
[Source "ChessBase"]
[SourceQuality "1"]
[WhiteTeam "Kenya"]
[BlackTeam "Romania"]
[WhiteTeamCountry "KEN"]
[BlackTeamCountry "ROU"]
[TimeControl "40/5400+30:1800+30"]

1. d4 Nf6 2. Nf3 b6 3. e3 Bb7 4. Bd3 g6 5. Nbd2 c5 6. b3 Bg7 7. Bb2 O-O 8. O-O {[%emt 0:00:48] A47: 1 d4 Nf6 2 Nf3 b6: Torre, London and Colle Systems.} Nc6 9. a3 Nh5 {[%emt 0:00:26] [#]} 10. Re1 $146 {[%emt 0:04:49] The position is equal.} ({Predecessor:} 10. Rb1 e6 11. c4 cxd4 12. exd4 d5 13. Ne5 Nxe5 14. dxe5 Nf4 15. Nf3 Nxd3 16. Qxd3 dxc4 17. Qxc4 Bxf3 18. gxf3 {½-½ (44) Patru,A (1536)-Ciolacu,A (1926) Calimanesti 2018}) 10... d5 11. g3 e6 12. Bf1 Rc8 13. c4 cxd4 14. exd4 Nf6 15. Bg2 dxc4 16. Nxc4 Na5 17. Nxa5 bxa5 18. Rc1 Qb6 19. Qd3 Ba6 20. Qd1 Rxc1 21. Bxc1 Nd5 22. Bb2 {[%emt 0:03:56] Against Nc3} (22. Ne5 $15) 22... Rb8 $17 23. Nd2 Bxd4 24. Bxd4 Qxd4 25. Bxd5 Qxd5 26. Qc2 (26. Ne4 $17 Qxd1 27. Rxd1) 26... e5 $2 ({Black should try} 26... Rf8 $19 {Threatens to win with ...Bb7.} 27. Qc3 Bb7) 27. Qc3 (27. Ne4 $15 Rb6 28. Qc7) 27... Rc8 28. Qb2 (28. Rxe5 $2 Rxc3 29. Rxd5 Rc1+ 30. Nf1 Bxf1 $19) 28... Bb7 $40 {[%emt 0:01:15][%csl Gb7][%cal Rd5h1][%mdl 128] Black has strong attack.} 29. Ne4 Kg7 {[%emt 0:02:26] Prevents Nf6.} 30. f3 f5 31. Nd2 Re8 32. Kg2 (32. a4 $17) 32... Kg8 33. Qc3 (33. Re3 $17) 33... e4 {[%emt 0:02:26] White must now prevent ...exf3+.} 34. fxe4 (34. Kg1 $17 {was worth a try.}) 34... fxe4 $19 35. Qe3 Rd8 $1 36. Re2 Rf8 $2 (36... Qh5 $1 $19 {And now ...Rd3 would win.} 37. Rf2 Qd1) 37. Rf2 Rd8 ({Black should play} 37... Rc8 $17 {aiming for ...Qd3.} 38. Kg1 Qd3 39. Qxd3 exd3) 38. Nc4 Qd3 (38... Qd1 $15 {keeps the upper hand.} 39. Nxa5 Qd3) 39. Rd2 $16 {[%emt 0:00:39] White is more active.} Qxd2+ (39... Re8 $16) 40. Nxd2 $18 Rxd2+ $16 {[%emt 0:00:34][%mdl 4096] Endgame KQ-KRB} 41. Kh3 Bc8+ 42. Kh4 Rd5 (42... Rxh2+ $16 43. Kg5 Rh5+ 44. Kf4 Bb7) 43. g4 $18 Bb7 $2 (43... Be6 {is a better defense.} 44. Qxe4 Bf7) 44. Qxa7 Rd7 45. Qb8+ Kf7 46. Qh8 Ke6 47. Qe8+ Re7 {[%emt 0:00:00] [#]} 48. Qb5 (48. Qg8+ $1 $18 Kd7 49. Qb8) 48... e3 $11 49. Qe2 ({Resist} 49. Qxa5 e2 $14) 49... Kd7 50. Kg3 Re5 51. h4 Bc6 52. a4 h6 53. Kf4 Re4+ 54. Kg3 Kd6 (54... Re5 $11) 55. Qd3+ (55. Kg2 $1 $14 {might be stronger.}) 55... Kc7 56. Qe2 Kb6 57. Kh2 g5 (57... h5 $11) 58. hxg5 $16 hxg5 {[%emt 0:00:08] [#]} 59. Kg1 $1 Re5 (59... Kc5 $16) 60. Kf1 Bb7 {[%emt 0:00:11] ( -> ...Ba6)} 61. Ke1 Ba6 $2 (61... Bc6 62. Qd3 Kc7) 62. Qd1 {[%emt 0:01:02] Qd6+ would kill now.} Re6 {[%emt 0:02:41] Prevents Qd6+.} 63. Qd5 Bc8 64. Qxg5 e2 65. Qb5+ Kc7 66. Qxa5+ Kd7 67. g5 {[%emt 0:01:00] Qf5 is the strong threat.} Ba6 68. b4 Bc4 69. Qa7+ {[%emt 0:00:24] White mates.} Ke8 70. Qc5 Bb3 71. a5 Bd1 72. b5 Re7 73. g6 Re6 74. g7 {[%emt 0:00:35] Never resign too early!  Weighted Error Value: White=0.29 (precise) /Black=0.41} 1-0

[Event "44th Chess Olympiad Women 2022"]
[Site "Chennai"]
[Date "2022.07.29"]
[Round "1.21"]
[White "Varney, Zoe"]
[Black "Elfelo, Khadija"]
[Result "1-0"]
[ECO "B90"]
[WhiteElo "2045"]
[BlackElo "1875"]
[Annotator "TA"]
[PlyCount "53"]
[EventDate "2022.07.29"]
[EventType "team-tourn"]
[EventCountry "IND"]
[SourceTitle "playchess.com"]
[Source "ChessBase"]
[SourceQuality "1"]
[WhiteTeam "England"]
[BlackTeam "Libya"]
[WhiteTeamCountry "ENG"]
[BlackTeamCountry "LBY"]
[TimeControl "40/5400+30:1800+30"]

1. e4 c5 2. Nf3 d6 3. d4 cxd4 4. Nxd4 Nf6 5. Nc3 a6 6. Be3 e5 7. Nb3 Be7 8. f3 O-O 9. Qd2 Be6 10. O-O-O Nc6 11. g4 Rc8 {[%emt 0:09:01] B90: Sicilian Najdorf: Unusual White 6th moves, 6 Be3 Ng4 and 6 Be3 e5.} ({Better is} 11... a5 $14) 12. g5 $16 Nh5 13. Nd5 Bxd5 {[%emt 0:07:08] White is better.} 14. exd5 Nb8 {[%emt 0:03:56] [#]} 15. Bd3 $146 {[%emt 0:13:18] White is more active.} (15. Kb1 $16) ({Predecessor:} 15. Bh3 Nd7 16. Bg4 Nf4 17. h4 Rc4 18. Kb1 f5 19. gxf6 Nxf6 20. Be6+ Nxe6 21. dxe6 {1-0 (55) Yordanov,N (2296)-Tsanov,M (1900) Sunny Beach 2015}) 15... Nf4 $2 {[%emt 0:06:15] Loses the game.} ({Black should play} 15... f5 $14) 16. Bxf4 $18 exf4 17. h4 Nd7 18. Qxf4 Ne5 19. Qd4 $40 {[%emt 0:02:36][%mdl 128] White goes for the king.} Nxf3 $2 (19... Qd7 $16 20. Kb1 Bd8) 20. Qe4 {[%emt 0:04:25][%csl Gd3,LRf3,LRh7][%cal Re4h7] [#]} Nxg5 21. hxg5 Bxg5+ 22. Kb1 g6 23. Qg4 {[%emt 0:11:58] Threatens to win with Nd4.} f5 $2 (23... Re8 24. Rdg1 Rc7) 24. Qh3 h6 25. Rdg1 Kg7 (25... Qf6 $142 26. Nd4 Rfe8 27. Bxf5 Re3 28. Be6+ Kh7) 26. Nd4 {[%emt 0:00:19] Hoping for Ne6+.} Qd7 {[%emt 0:02:14] [#]} 27. Rxg5 $1 {[%emt 0:01:24][%mdl 512] Weighted Error Value: White=0.25 (precise) /Black=1.07} 1-0

[Event "44th Chess Olympiad Women 2022"]
[Site "Chennai"]
[Date "2022.07.29"]
[Round "1.22"]
[White "Borosova, Zuzana"]
[Black "Kapali, Binita"]
[Result "1-0"]
[ECO "A07"]
[WhiteElo "2277"]
[BlackElo "1511"]
[Annotator "TA"]
[PlyCount "115"]
[EventDate "2022.07.29"]
[EventType "team-tourn"]
[EventCountry "IND"]
[SourceTitle "playchess.com"]
[Source "ChessBase"]
[SourceQuality "1"]
[WhiteTeam "Slovakia"]
[BlackTeam "Nepal"]
[WhiteTeamCountry "SVK"]
[BlackTeamCountry "NEP"]
[TimeControl "40/5400+30:1800+30"]

1. Nf3 d5 2. g3 Nf6 3. Bg2 Bg4 4. d3 Nc6 5. Nbd2 e5 6. h3 {[%emt 0:12:00] A07: Réti Opening: New York and Capablanca Systems.} Bf5 7. c3 {[%emt 0:11:42] [#]} Be7 $146 ({Predecessor:} 7... Qd7 8. g4 Bg6 9. Nh4 Be7 10. Nxg6 hxg6 11. e3 g5 12. Nf3 O-O-O 13. Nxg5 Nxg4 14. Qxg4 Qxg4 15. hxg4 Rxh1+ 16. Bxh1 Bxg5 {½-½ (19) Saldano Dayer,H (2299)-Stefanova,A (2514) Mancha Real 2000}) 8. Qc2 {[%emt 0:16:45] The position is equal.} e4 9. Nh4 exd3 10. exd3 Be6 11. Nb3 O-O 12. Be3 Rb8 13. O-O a6 14. Kh2 Nd7 15. Nf3 Nde5 16. Nxe5 Nxe5 17. f4 Nc6 18. Rae1 {[%emt 0:01:09] White is more active.} (18. f5 $5 Bc8 19. Rae1 $14) 18... Qd7 19. Nc5 Bxc5 20. Bxc5 Rfe8 21. Qf2 {[%emt 0:01:26] Against d4} (21. g4 $14 {should be considered.} f5 22. g5) 21... Bf5 (21... d4 $11) 22. Qf3 $36 {[%emt 0:00:13][%mdl 2048] [#] Black must now prevent g4. White is pushing.} Ne7 $2 {[%emt 0:02:24][%mdl 8192] A mistake that costs the game.} (22... h5 $14) 23. g4 $18 Qb5 24. Bxe7 {[%emt 0:02:10] This bishop pair is nice.} ({Resist} 24. Rxe7 Bxd3 25. Rfe1 (25. Rxc7 Bxf1 26. Qxf1 Qa5 $18) 25... Be4 $18) 24... Bxd3 25. a4 Qd7 (25... Qc4 $142 26. b3 Qxc3) 26. Qxd3 Rxe7 27. Rxe7 Qxe7 28. Qxd5 c6 29. Qe4 Qd7 30. Re1 h6 31. Qd4 Qc7 32. Qe5 Qd8 33. Re2 Rc8 34. Be4 Qh4 (34... Qc7 $18 35. Qxc7 Rxc7) 35. Bf5 (35. Qf5 $142 g6 36. Qxc8+ Kg7 {[#]} 37. Bxg6 $1 Qf6 38. Bf5 Qh4 39. Kg2 Qf6 40. Re8) 35... Rf8 36. Qe7 Qxe7 37. Rxe7 {[%emt 0:00:05][%mdl 4096] Endgame KRB-KR} g6 38. Be4 f5 39. gxf5 gxf5 40. Bf3 Rb8 41. a5 Kf8 42. Re5 Kg7 43. Rxf5 Kg6 44. Re5 {[%emt 0:00:06] Threatens to win with Bh5+.} Kf6 45. Kg3 Rd8 46. Kf2 Rd2+ 47. Re2 Rd6 48. Be4 Rd7 49. Bc2 h5 50. h4 Rg7 51. f5 {[%emt 0:00:17] White wants to mate with Re6+.} Rg4 52. Re6+ Kf7 53. Re4 Rg7 54. b4 Kf6 55. Re6+ Kf7 56. Rh6 (56. Bb3 $142 Kf8 57. Rh6 Ke8 58. f6 Rg4 59. Rh8+ Kd7 60. f7 Rf4+ 61. Kg3) 56... Rg4 57. Rxh5 Rc4 58. Bb3 {[%emt 0:00:04] Weighted Error Value: White=0.10 (very precise) /Black=0.65} 1-0

[Event "44th Chess Olympiad Women 2022"]
[Site "Chennai"]
[Date "2022.07.29"]
[Round "1.22"]
[White "Sucikova, Svetlana"]
[Black "Dhimal, Shanti"]
[Result "1-0"]
[ECO "D02"]
[WhiteElo "2188"]
[BlackElo "1499"]
[Annotator "TA"]
[PlyCount "75"]
[EventDate "2022.07.29"]
[EventType "team-tourn"]
[EventCountry "IND"]
[SourceTitle "playchess.com"]
[Source "ChessBase"]
[SourceQuality "1"]
[WhiteTeam "Slovakia"]
[BlackTeam "Nepal"]
[WhiteTeamCountry "SVK"]
[BlackTeamCountry "NEP"]
[TimeControl "40/5400+30:1800+30"]

1. Nf3 Nf6 2. g3 d5 3. Bg2 e6 4. O-O Bd6 5. d4 O-O 6. c4 c5 {[%emt 0:04:04] Recently 6...h6 got a lot of attention. D02: 1 d4 d5 2 Nf3 sidelines, including 2...Nf6 3 g3 and 2...Nf6 3 Bf4.} 7. cxd5 Nxd5 8. e4 Nc7 {[%emt 0:03:39] White is slightly better.} 9. dxc5 (9. Be3 $16) 9... Bxc5 $14 10. Qc2 {[%emt 0:00:35] [#]} Bb6 $146 (10... Qe7 $1 $14) ({Predecessor:} 10... Qe7 11. e5 f6 12. Nc3 Bd7 13. Ne4 Bb6 14. exf6 gxf6 15. Bh6 Rd8 16. g4 Nd5 {1-0 (33) Makhmutov,R (2416)-Gusarov,A (2238) Ekaterinburg 2018}) 11. Bf4 ({White should play} 11. Rd1 $16 Qe8 12. Bf4) 11... Nc6 12. Rd1 $36 {[%emt 0:02:24][%mdl 2048] White is pushing. White stays focused until the end.} Qe8 13. Bd6 {[%emt 0:03:43] White is much more active. The black rooks are badly placed.} e5 14. Na3 {[%emt 0:03:48][%cal Bb1a3,Ba3c4,Bc4d6][%mdl 32] Prevents Nb5.} Na6 15. Nc4 $18 Bc5 $2 (15... Bc7 {was necessary.} 16. Bxf8 Qxf8) 16. Bxc5 ({Weaker is} 16. Bxf8 Bxf8 17. h3 Be6 18. Ncxe5 (18. Nfxe5 Nab4 $18) 18... Nab4 $18) 16... Nxc5 17. Nd6 $1 Qe7 18. Qxc5 Bg4 19. Qa3 Qf6 20. h3 {[%emt 0:02:49] White is clearly winning.} Bh5 21. g4 Bg6 22. Nf5 {[%emt 0:00:26] [#] And now Rd6 would win.} Rfd8 23. Rac1 h5 24. Rd6 Rxd6 25. Qxd6 Qxd6 26. Nxd6 Rb8 27. b3 f6 28. Nh4 Kh7 29. Nxg6 Kxg6 30. gxh5+ Kxh5 31. Bf3+ Kg5 32. Kg2 Kf4 33. Nf5 g6 34. Ne3 Rd8 (34... Rh8 $142 35. Nd5+ Kg5) 35. h4 {[%emt 0:03:42] [#] aiming for Nd5+.} Nd4 36. Nd5+ Rxd5 37. exd5 Nxf3 38. d6 {[%emt 0:00:06] Weighted Error Value: White=0.15 (very precise) /Black=0.52} 1-0

[Event "44th Chess Olympiad Women 2022"]
[Site "Chennai"]
[Date "2022.07.29"]
[Round "1.22"]
[White "Adhikari, Kritisara"]
[Black "Hagarova, Zuzana"]
[Result "0-1"]
[ECO "A48"]
[WhiteElo "1552"]
[BlackElo "2293"]
[Annotator "TA"]
[PlyCount "84"]
[EventDate "2022.07.29"]
[EventType "team-tourn"]
[EventCountry "IND"]
[SourceTitle "playchess.com"]
[Source "ChessBase"]
[SourceQuality "1"]
[WhiteTeam "Nepal"]
[BlackTeam "Slovakia"]
[WhiteTeamCountry "NEP"]
[BlackTeamCountry "SVK"]
[TimeControl "40/5400+30:1800+30"]

1. d4 Nf6 2. Bf4 g6 3. e3 Bg7 4. Nd2 d6 5. Ngf3 O-O 6. h3 Nc6 {[%emt 0:03:51] 6...b6 is a critical line.} 7. Be2 {[%emt 0:03:35] A48: 1 d4 Nf6 2 Nf3 g6: Torre, London and Colle Systems.} Nd7 8. Bh2 e5 {[%emt 0:02:03][%cal Re5d4] [#]} 9. Nb3 $146 {[%emt 0:01:35] The position is equal.} ({Predecessor:} 9. c3 h6 10. O-O f5 11. b4 e4 12. Ne1 Nf6 13. b5 Ne7 14. Qb3+ Kh8 15. Nc2 {0-1 (46) Starostits,I (2484)-Lanka,Z (2391) Riga 2020}) 9... a5 10. a4 e4 11. Nfd2 Qe7 12. O-O f5 13. Bc4+ Kh8 14. Nc1 Nf6 15. Re1 Bd7 16. Ne2 Nd8 17. Nf4 c6 18. Bb3 g5 19. Nh5 Nxh5 20. Qxh5 Be8 21. Qe2 Bg6 22. Nc4 Nf7 23. Qd2 Qd8 (23... d5 $5 24. Na3 f4 $11) 24. Qe2 d5 25. Nd2 Nh6 26. f4 exf3 27. Nxf3 Nf7 28. Qd2 {[%emt 0:03:37] Now White is beyond hope.} ({White should play} 28. Nd2 $15) 28... g4 $19 29. hxg4 (29. Ne5 {was the only chance.}) 29... fxg4 30. Ne5 Nxe5 31. dxe5 Qh4 {[%emt 0:00:36] [#] Prevents Bg3. aiming for ...g3.} 32. Bf4 (32. g3 $142 Qh3 33. Rf1) 32... g3 33. Bxg3 Qxg3 34. Re2 Bxe5 {[%emt 0:00:19][%csl Ge5][%cal Rg3h2] Black mates.} 35. Rf2 Qh2+ 36. Kf1 Qh1+ 37. Ke2 Rxf2+ 38. Kxf2 Rf8+ 39. Ke2 Qxg2+ 40. Kd1 Bh5+ 41. Kc1 Rf1+ 42. Qd1 Rxd1# {[%emt 0:00:07] Weighted Error Value: White=0.66/Black=0.06 (flawless)} 0-1

[Event "44th Chess Olympiad Women 2022"]
[Site "Chennai"]
[Date "2022.07.29"]
[Round "1.22"]
[White "Neupane, Anisha"]
[Black "Mrvova, Alena"]
[Result "0-1"]
[ECO "B24"]
[WhiteElo "1488"]
[BlackElo "2165"]
[Annotator "TA"]
[PlyCount "90"]
[EventDate "2022.07.29"]
[EventType "team-tourn"]
[EventCountry "IND"]
[SourceTitle "playchess.com"]
[Source "ChessBase"]
[SourceQuality "1"]
[WhiteTeam "Nepal"]
[BlackTeam "Slovakia"]
[WhiteTeamCountry "NEP"]
[BlackTeamCountry "SVK"]
[TimeControl "40/5400+30:1800+30"]

1. e4 c5 2. Nc3 Nc6 3. f4 e6 4. Nf3 Nge7 5. d3 d5 6. g3 d4 7. Ne2 g6 8. Bg2 Bg7 9. O-O O-O {[%emt 0:00:27] B24: Closed Sicilian: 3 g3 sidelines.} 10. c3 Qb6 {[%emt 0:14:06] [#]} (10... b6 $11) 11. Qc2 $146 ({Predecessor:} 11. Qe1 Bd7 12. a3 a5 13. Nd2 a4 14. Nc4 Qa6 15. Rb1 Na7 16. cxd4 cxd4 17. Bd2 {½-½ (28) Leroux,G (1560)-Struik,T (1903) Agneaux 2002}) 11... Bd7 {[%emt 0:06:38][%cal Bc8d7,Bd7e6,Be6c4][%mdl 32] The position is equal.} 12. Kh1 Rac8 13. Bd2 Rfd8 14. Rad1 e5 15. h3 (15. fxe5 $11 Nxe5 16. Nxe5 Bxe5 17. c4) 15... Be6 16. Nc1 (16. c4 $11) 16... c4 {[%emt 0:06:30][%cal Bc5c4,Bc4d3,Bd3d2][%mdl 32] Black is more active. White is on the road to losing.} 17. Ng5 {[%emt 0:10:17] [#]} cxd3 $1 18. Qb1 (18. Qa4 $17) 18... Bc4 $19 {[%emt 0:01:27] aiming for ...dxc3.} 19. cxd4 Nxd4 ({Not} 19... Qxd4 $2 20. b3 Ba6 21. b4 $17) ({Don't go for} 19... Rxd4 $2 20. Nb3 $19) 20. Be3 exf4 21. gxf4 d2 22. Nd3 h6 {[%emt 0:00:33] Chess con chili.} 23. Nf3 Bxd3 24. Qxd3 {[%emt 0:00:39] [#]} Nxf3 {[%emt 0:00:15] Pair of Knights!} 25. Qe2 (25. Bxb6 Rxd3) 25... Nd4 26. Qf2 Qa5 27. Rxd2 Ndc6 28. Rfd1 $2 (28. f5 f6 29. a3) 28... Qxa2 29. e5 Rxd2 30. Rxd2 Qb1+ 31. Kh2 Qf5 32. Qe1 g5 33. Rf2 Ng6 34. fxg5 Qxe5+ 35. Kg1 hxg5 36. Qd2 Rd8 37. Qc1 Nf4 38. Bf1 Nd3 39. Bxd3 Rxd3 40. Bxg5 Qd5 41. Kh2 Rd1 42. Qe3 Be5+ {[%emt 0:04:02] Black mates.} 43. Bf4 Rh1+ 44. Kg3 Rg1+ 45. Kh2 Qh1# {[%emt 0:00:08] Weighted Error Value: White=0.74/Black=0.24 (precise)} 0-1

[Event "44th Chess Olympiad Women 2022"]
[Site "Chennai"]
[Date "2022.07.29"]
[Round "1.23"]
[White "Worek, Joanna"]
[Black "De la Riva Real, Ariadna"]
[Result "0-1"]
[WhiteElo "2280"]
[BlackElo "1649"]
[Annotator "TA"]
[PlyCount "25"]
[EventDate "2022.07.29"]
[EventType "team-tourn"]
[EventCountry "IND"]
[SourceTitle "playchess.com"]
[Source "ChessBase"]
[SourceQuality "1"]
[WhiteTeam "Czech Republic"]
[BlackTeam "Andorra"]
[WhiteTeamCountry "CZE"]
[BlackTeamCountry "AND"]
[TimeControl "40/5400+30:1800+30"]

1. e4 c5 2. Nc3 g6 3. d4 cxd4 4. Qxd4 Nf6 5. Bg5 Nc6 6. Qd2 {[%emt 0:00:18] B23: Closed Sicilian: Lines without g3.} Bg7 {[%emt 0:04:03][%mdl 32768] [#] A rather calm draw. Loss on time!?} {Predecessor:} 7. Bh6 $146 Bxh6 8. Qxh6 Qb6 9. O-O-O d6 10. f3 Be6 11. Nge2 Rc8 12. Qd2 Ne5 13. Nf4 {1-0 (34) Sadhwani,R (2616)-Rangel,D (2207) Chess.com INT 2022} 0-1

[Event "44th Chess Olympiad Women 2022"]
[Site "Chennai"]
[Date "2022.07.29"]
[Round "1.23"]
[White "Koubova, Anna Marie"]
[Black "Galera Serra, Maria"]
[Result "1-0"]
[ECO "D15"]
[WhiteElo "2115"]
[BlackElo "1464"]
[Annotator "TA"]
[PlyCount "65"]
[EventDate "2022.07.29"]
[EventType "team-tourn"]
[EventCountry "IND"]
[SourceTitle "playchess.com"]
[Source "ChessBase"]
[SourceQuality "1"]
[WhiteTeam "Czech Republic"]
[BlackTeam "Andorra"]
[WhiteTeamCountry "CZE"]
[BlackTeamCountry "AND"]
[TimeControl "40/5400+30:1800+30"]

1. d4 d5 2. c4 c6 3. Nf3 Nf6 4. g3 Bf5 5. Nc3 dxc4 6. Bg2 {[%emt 0:03:23] D15: Slav Defence: 4 Nc3 a6 and gambit lines after 4 Nc3 dxc4.} e6 (6... Nbd7 $11) 7. Ne5 $14 Be7 8. Nxc4 {[%emt 0:01:54] White is slightly better.} O-O 9. O-O Nbd7 10. Bf4 (10. e4 $16 Bg6 11. a4) 10... Nd5 $11 11. Bd6 {[%emt 0:04:15] [#]} N7f6 $146 ({Predecessor:} 11... N7b6 12. Bxe7 Qxe7 13. Ne5 h6 14. a3 Rad8 15. e4 Nxc3 16. bxc3 Bh7 17. Qb3 Qc7 {1-0 (40) Pelikan,J (1250)-Porc,P (1664) Brno 2009}) 12. Bxe7 Nxe7 13. e3 h6 14. Rc1 Ned5 15. Qb3 Nxc3 16. bxc3 Rb8 17. Nd2 c5 18. e4 (18. Bxb7 $2 Qc7 19. Qb5 Rxb7 $19) 18... Bg4 (18... Bh7 $11 {is superior.}) 19. e5 $16 Nh7 20. Qa4 cxd4 21. cxd4 Be2 22. Rfe1 ({And not} 22. Qxa7 Bxf1 23. Nxf1 Ra8 $17) 22... Ba6 23. Ne4 f6 (23... Rc8 $16 {might work better.} 24. Nd6 Rxc1 25. Rxc1 Nf6) 24. Nc5 $18 Qe8 {[%emt 0:02:17] [#]} (24... Re8 25. Rb1 (25. Nxa6 bxa6 26. Rcd1 fxe5 $16) 25... fxe5) 25. Qb3 {[%emt 0:02:19] White is clearly winning.} fxe5 26. Nxe6 Rf7 27. Nc7 {[%emt 0:01:20] Prevents Qb5.} Qd8 28. Bd5 Ng5 29. h4 Nh3+ 30. Kg2 Kh8 31. Bxf7 {[%emt 0:00:39] Active counter play!} Nf4+ 32. gxf4 Qxh4 33. Nxa6 {[%emt 0:02:04] Weighted Error Value: White=0.11 (very precise) /Black=0.43} 1-0